 Dungeon Crawl Stone Soup version 0.27.0-1-g7a089689b8 (webtiles) character file.

Game seed: 100920510591514155

44 Kukuleta the Cudgeller (level 3, -1/22 HPs)
             Began as a Gargoyle Gladiator on Aug 8, 2021.
             Slain by a water moccasin (8 damage)
             ... on level 3 of the Dungeon.
             The game lasted 00:05:38 (1580 turns).

Kukuleta the Cudgeller (Gargoyle Gladiator)         Turns: 1580, Time: 00:05:38

Health: -1/22      AC:  8    Str: 17    XL:     3   Next: 60%
Magic:  3/3        EV: 12    Int:  9    God:
Gold:   29         SH:  0    Dex: 11    Spells: 2/2 levels left

rFire    . . .     SeeInvis .   a - +0 flail
rCold    . . .     Faith    .   (no shield)
rNeg     + . .     Spirit   .   b - +0 leather armour
rPois    ∞         Reflect  .   c - +0 helmet
rElec    +         Harm     .   (no cloak)
rCorr    .         Rampage  .   (no gloves)
Will     .....                  h - +0 pair of boots
Stlth    +.........             g - amulet of the acrobat
HPRegen  0.07/turn              (no ring)
MPRegen  0.08/turn              (no ring)

@: no status effects
A: sickness immunity, AC +3, negative energy resistance 1, electricity
resistance, torment resistance 1, petrification resistance
a: no special abilities


You were on level 3 of the Dungeon.
You visited 1 branch of the dungeon, and saw 3 of its levels.

You collected 29 gold pieces.

Inventory:

Hand Weapons
 a - a +0 flail (weapon)
Missiles
 d - 3 throwing nets (quivered)
Armour
 b - a +0 leather armour (worn)
 c - a +0 helmet (worn)
 h - a +0 pair of boots (worn)
Jewellery
 g - an amulet of the acrobat (around neck)
Scrolls
 e - a scroll of teleportation {unknown}
 f - 2 scrolls of blinking {unknown}
 j - a scroll of silence {unknown}
 k - 2 scrolls of amnesia {unknown}
Potions
 i - a potion of degeneration {unknown}


   Skills:
 + Level 2.8 Fighting
 + Level 3.4 Maces & Flails
 - Level 1.7 Throwing
 + Level 1.5 Armour
 + Level 2.7 Dodging


You had 2 spell levels left.
You didn't know any spells.
Your spell library was empty.

Dungeon Overview and Level Annotations

Branches:
Dungeon (2/15)

Altars:


Innate Abilities, Weirdness & Mutations

You are immune to sickness and miasma.
Your stone body is resilient. (AC +3)
You are immune to poison.
You resist negative energy. (rN+)
You are resistant to electric shocks. (rElec)
You are resistant to unholy torment.
You are immune to petrification.


Message History

You kill the orc!
You hit the kobold.
You kill the kobold!
k - 2 scrolls labelled XASURY UTYI HP restored.
Items here: )) [ †††.
A water moccasin comes into view.
The water moccasin hisses angrily.
A water moccasin is nearby!
The water moccasin barely misses you.
You miss the water moccasin. The water moccasin bites you.
You closely miss the water moccasin. The water moccasin bites you.
The water moccasin closely misses you.
You miss the water moccasin. The water moccasin closely misses you.
The water moccasin barely misses you.
You hit the water moccasin.
The water moccasin is lightly wounded.
The water moccasin barely misses you.
You closely miss the water moccasin.
The water moccasin is lightly wounded.
The water moccasin bites you. x2
* * * LOW HITPOINT WARNING * * *
The water moccasin completely misses you.
Items here: )) [ †††.
The water moccasin misses you. The water moccasin barely misses you.
Found a thin lapis lazuli amulet.
The water moccasin completely misses you.
The water moccasin barely misses you.
You see here an amulet of regeneration.
Found an escape hatch in the ceiling.
The water moccasin closely misses you.
Found 4 gold pieces.
The water moccasin completely misses you.
The water moccasin completely misses you.
There is an escape hatch in the ceiling here.
You don't know any spells.
The water moccasin completely misses you.
The water moccasin bites you!
You die...

#. ...# #.....#
#.....# #.....
#.... # #.#.#.#
##.#.#.##
#..@....#
#..#S#..#
#.......#
#.##.##.#
####.##.##.###.
###. .
...............
.....
####.......###$
....# ###...###
..#.#. #"..#
.....


You could see a water moccasin.

Vanquished Creatures
  A gnoll (D:1)
  2 dart slugs (D:1)
  An orc (D:3)
  A ball python (D:1)
  2 bats
  2 endoplasms (D:1)
  3 giant cockroaches
  3 goblins (D:1)
  4 jackals (D:1)
  3 kobolds
  A quokka (D:1)
  2 rats (D:1)
25 creatures vanquished.

Notes
Turn   | Place    | Note
-------+----------+-------------------------------------------
     0 | D:1      | Kukuleta the Gargoyle Gladiator began the quest for the
                  | Orb.
     0 | D:1      | Reached XP level 1. HP: 12/12 MP: 1/1
   269 | D:1      | Reached XP level 2. HP: 14/18 MP: 2/2
   733 | D:1      | Reached skill level 1 in Armour
   995 | D:1      | Reached XP level 3. HP: 13/22 MP: 3/3
  1516 | D:2      | You fall into a shaft and drop 1 floor!
  1550 | D:3      | Noticed a water moccasin
  1580 | D:3      | Slain by a water moccasin

Illustrated notes

Levels and vault maps discovered:
D:1:      lemuel_arrival_behind_the_door_small, layout_loops_ring
D:2:      wad_pebble_path, layout_basic, minmay_misc_feat_rugged,
          uniq_crazy_yiuf_cottage
D:3:      layout_loops_cross, led_sif_pool, okawaru_trees_1,
          basic_ecumenical_altar

Skill      XL: |  1  2 |
---------------+-------+-----
Armour         | 1 |  1.5
Fighting       | |  2.8
Maces & Flails | |  3.4
Throwing       | |  1.7
Dodging        | |  2.7

Action                   || total
-------------------------++-------
Melee: Flail             ||   109
Armor: Leather armour    ||    36
Dodge: Dodged            ||    90
